 Dungeon Crawl Stone Soup version 0.30.0-5-g1a98f26d00 (webtiles) character file.

Game seed: 7364671632892490755

2474 Hervor the Chiller (level 9, -2/61 HPs)
             Began as a Human Ice Elementalist on May 12, 2023.
             Was an Elder of Ru.
             Killed by an exploding butterfly (28 damage)
             ... ignited by their inner flame
             ... on level 7 of the Dungeon.
             The game lasted 00:25:26 (6234 turns).

Hervor the Chiller (Human Ice Elementalist)         Turns: 6234, Time: 00:25:32

Health: -2/61      AC:  6    Str: 10    XL:     9   Next: 80%
Magic:  24/27      EV: 18    Int: 19    God:    Ru [****..]
Gold:   318        SH:  0    Dex: 16    Spells: 7/20 levels left

rFire   x . .        D - +1 spear (venom)
rCold   x . .        (no shield)
rNeg    . . .        a - +2 robe
rPois   +            (no helmet)
rElec   .            (no cloak)
rCorr   .            (no gloves)
SInv    .            C - +2 pair of slick slippers {slick, slippery, EV+4}
Will    .....        (no amulet)
Stlth   +++          d - ring of wizardry
HPRegen 0.30/turn    j - ring of Gamnefur {rPois MP+9 Dex+3}
MPRegen 0.20/turn

%: wizardry (x1)
@: exhausted
A: inability to use devices, temperature sensitive
a: Renounce Religion, Draw Out Power, Power Leap


You were on level 7 of the Dungeon.
You worshipped Ru.
Ru was greatly pleased with you.
You visited 2 branches of the dungeon, and saw 8 of its levels.

You collected 318 gold pieces.

Inventory:

Hand Weapons
 D - a +1 spear of venom (weapon)
Missiles
 t - 4 javelins (quivered)
Armour
 a - a +2 robe (worn)
 C - the +2 pair of slick slippers (worn) {slick, slippery, EV+4}
   (You found it on level 7 of the Dungeon)

   Slick:     Its wearer cannot be constricted, engulfed, netted or webbed.
   Slippery:  Its wearer slips away from damaging melee attacks, pulling the
   attacker onward.
   EV:        It affects your evasion (+4).
Jewellery
 d - a ring of wizardry (left hand)
 e - a +6 ring of strength
 g - a +4 ring of slaying
 i - a ring of protection from cold
 j - the ring of Gamnefur (right hand) {rPois MP+9 Dex+3}
   (You found it on level 2 of the Dungeon)

   [ring of poison resistance]

   Dex:       It affects your dexterity (+3).
   rPois:     It protects you from poison.
   MP:        It affects your magic capacity (+9).
 k - a ring of positive energy
 q - a +6 ring of dexterity
 w - a +4 ring of protection
 A - a ring of willpower
 B - an amulet of regeneration
Scrolls
 f - 2 scrolls of enchant armour
 m - a scroll of poison
 p - 2 scrolls of identify
 u - a scroll of blinking
 v - 2 scrolls of teleportation
 E - a scroll of enchant weapon
Potions
 b - a potion of lignification {unknown}
 c - 4 potions of curing
 h - a potion of flight {unknown}
 l - 3 potions of mutation {unknown}
 n - a potion of might {unknown}
 o - a potion of heal wounds
 r - a potion of brilliance {unknown}
 s - 2 potions of degeneration {unknown}
 z - a potion of cancellation {unknown}


   Skills:
 * Level 1.8 Fighting
 * Level 1.6 Polearms
 * Level 2.6 Throwing
 * Level 1.6 Armour
 * Level 4.1 Dodging
 * Level 4.3 Stealth
 * Level 6.4 Spellcasting
 * Level 3.3 Summonings
 * Level 2.3 Translocations
 * Level 7.6 Ice Magic


You had 7 spell levels left.
You knew the following spells:

 Your Spells              Type           Power      Damage    Failure   Level
a - Freeze                Ice            100%       1d10      1%          1
b - Frozen Ramparts       Ice            70%        1d11      1%          3
c - Summon Ice Beast      Ice/Summ       26%        N/A       4%          4
d - Summon Forest         Summ/Tloc      8%         N/A       34%         5

Your spell library contained the following spells:

 Spells                   Type           Power      Damage    Failure   Level
 Ozocubu's Armour         Ice            35%        N/A       1%          3
 Haunt                    Necr/Summ      6%         N/A       100%        7
 Spellforged Servitor     Conj/Summ      6%         N/A       100%        7


Dungeon Overview and Level Annotations

Branches:
Dungeon (7/15)             Temple (1/1) D:4

Altars:
Ashenzari
Cheibriados
Dithmenos
Elyvilon
Fedhas
Gozag
Hepliaklqana
Kikubaaqudgha
Makhleb
Nemelex Xobeh
Okawaru
Qazlal
Ru
Sif Muna
Trog
Uskayaw
Vehumet
Wu Jian
Xom
Yredelemnul
Zin
The Shining One

Shops:
D:4 (


Innate Abilities, Weirdness & Mutations

You cannot study or use magical devices.
You are sensitive to extremes of temperature. (rF-, rC-)


Message History

The fiery explosion engulfs the hellwing but does no damage.
The hellwing is moderately wounded.
You feel a bit more experienced.
You swap places.
Your butterfly is engulfed in blazing flames.
Your butterfly disappears in a burst of colours!
Your butterfly explodes!
The fiery explosion engulfs your butterfly!!
Your butterfly disappears in a burst of colours!
The fiery explosion engulfs your butterfly!!
Your butterfly disappears in a burst of colours!
The fiery explosion engulfs your butterfly!
Your butterfly disappears in a burst of colours!
Your butterfly explodes! x2
The fiery explosion engulfs your butterfly!!!
Your butterfly disappears in a burst of colours!
The fiery explosion engulfs your butterfly!
Your butterfly disappears in a burst of colours!
The fiery explosion engulfs your butterfly!!
You kill your butterfly!
Your butterfly disappears in a burst of colours!
Your butterfly explodes!
The fiery explosion engulfs your butterfly!!
Your butterfly disappears in a burst of colours!
Your butterfly explodes!
The fiery explosion engulfs your butterfly!!!
You kill your butterfly!
Your butterfly disappears in a burst of colours!
You hear an explosion!
Your butterfly explodes!
The fiery explosion engulfs your butterfly!!
Your butterfly disappears in a burst of colours!
The fiery explosion engulfs your butterfly!!
Your butterfly disappears in a burst of colours!
Your butterfly explodes! x2
The fiery explosion engulfs your butterfly!!
Your butterfly disappears in a burst of colours!
Your butterfly explodes!
The fiery explosion engulfs you!! The fire burns you terribly!
You die...

.# #.#.#
#####...#.##.#...#.#.#
.####.#.##
#...#......./.###.
.#.......#
#...######./#.. #
.#.##.#..#######...#
#..#...
#..##.#...>.......##
#.......#
##....#..[#######
#########.P8..8
#..####...#
#.....##.......
.#.####...#
######§###§#P.......
##........#
#..@§§§§§§4§....P...
...######.#
#.##§§§§§#§#....88.. ####
#.####.##b#§§##.#...5P.$Z
#........b#b§§.....Z8..Z$
###.......##b####.Z.P.$4.
#.##..b....# #.PP.....
#.#####.#### #.8......
#.##.......# #.....85.
#.##.......# ##.....5P


You could see a hellwing (ally target).

Vanquished Creatures
  A centaur zombie (D:7)
  A centaur skeleton (D:7)
  A hellwing (D:7)
  Sigmund (D:5)
  A water moccasin (D:7)
  A sky beast (D:6)
  A centaur (D:5)
  Blork the orc (D:5)
  A bullfrog (D:6)
  2 scorpions
  6 killer bees (D:7)
  A jelly (D:5)
  3 hounds
  A gnoll bouda (D:7)
  2 sleepcaps
  A boggart zombie (D:7)
  3 orc wizards
  8 gnolls
  10 adders
  2 shadow imps (D:7)
  2 ufetubi
  3 worms
  3 dart slugs
  16 orcs
  11 endoplasms
  7 giant cockroaches
  6 goblins
  8 hobgoblins
  7 jackals
  5 kobolds
  4 quokkas
  8 ball pythons
  3 bats
  3 frilled lizards (D:1)
  6 rats
140 creatures vanquished.

Vanquished Creatures (collateral kills)
  An ice beast (D:5)
  2 white imps
3 creatures vanquished.

Grand Total: 143 creatures vanquished

Notes
Turn   | Place    | Note
-------+----------+-------------------------------------------
     0 | D:1      | Hervor the Human Ice Elementalist began the quest for the
                  | Orb.
     0 | D:1      | Reached XP level 1. HP: 13/13 MP: 3/3
   139 | D:1      | Reached XP level 2. HP: 15/19 MP: 0/5
   286 | D:3      | Reached XP level 3. HP: 24/24 MP: 1/6
   290 | D:3      | Learned a level 3 spell: Frozen Ramparts
   635 | D:4      | Found Duxtalo's Weapon Shoppe.
   828 | D:4      | Found a staircase to the Ecumenical Temple.
   830 | D:4      | Noticed a scorpion
   838 | D:4      | Killed a scorpion
   839 | D:4      | Reached XP level 4. HP: 6/30 MP: 0/8
   839 | D:4      | Reached XP level 5. HP: 8/35 MP: 0/9
   974 | D:4      | Reached skill level 5 in Ice Magic
   998 | Temple   | Entered the Ecumenical Temple
  1034 | Temple   | Became a worshipper of Ru the Awakened
  1312 | D:4      | Reached skill level 1 in Evocations
  1312 | D:4      | Reached XP level 6. HP: 17/42 MP: 0/11
  1643 | D:4      | Found a hazy altar of Hepliaklqana.
  1652 | D:4      | Found an iron altar of Okawaru.
  2498 | D:2      | Identified the ring of Gamnefur {rPois MP+9 Dex+3}
  2624 | D:2      | Learned a level 4 spell: Summon Ice Beast
  2709 | D:2      | Got the Precepts of the Congregation
  2770 | D:2      | Gained mutation: You cannot study or use magical devices.
                  | [Ru sacrifice]
  2770 | D:2      | Reached * piety under Ru
  2770 | D:2      | Reached ** piety under Ru
  3255 | D:1      | Found a faded altar of an unknown god.
  3862 | D:5      | Entered Level 5 of the Dungeon
  3904 | D:5      | Reached XP level 7. HP: 47/47 MP: 13/13
  3960 | D:5      | Noticed Sigmund
  3970 | D:5      | Killed Sigmund
  3971 | D:5      | Reached skill level 6 in Ice Magic
  4041 | D:5      | Reached skill level 1 in Summonings
  4204 | D:5      | Noticed Blork the orc
  4212 | D:5      | Killed Blork the orc
  4213 | D:5      | Reached XP level 8. HP: 49/53 MP: 15/15
  4221 | D:5      | Learned a level 5 spell: Summon Forest
  4277 | D:5      | Reached skill level 1 in Throwing
  4556 | D:5      | Found a sparkling altar of Nemelex Xobeh.
  5094 | D:6      | Reached skill level 5 in Spellcasting
  5423 | D:6      | Reached skill level 1 in Translocations
  5423 | D:6      | Gained mutation: You are sensitive to extremes of
                  | temperature. (rF-, rC-) [Ru sacrifice]
  5423 | D:6      | Reached *** piety under Ru
  5423 | D:6      | Reached **** piety under Ru
  5463 | D:6      | Found a hide-covered altar of Uskayaw.
  5666 | D:7      | Found the +2 pair of slick slippers {slick, slippery, EV+4}
  5878 | D:7      | Found an ancient bone altar of Kikubaaqudgha.
  5881 | D:7      | Found a glowing silver altar of Zin.
  5891 | D:7      | Found a shimmering blue altar of Sif Muna.
  5894 | D:7      | Found a shadowy altar of Dithmenos.
  6094 | D:7      | Reached skill level 1 in Fighting
  6094 | D:7      | Reached skill level 7 in Ice Magic
  6094 | D:7      | Reached XP level 9. HP: 59/59 MP: 17/17
  6216 | D:7      | Noticed a hellwing
  6218 | D:7      | Noticed a hellwing
  6222 | D:7      | Killed a hellwing
  6223 | D:7      | Reached skill level 1 in Polearms
  6223 | D:7      | Reached skill level 1 in Armour
  6234 | D:7      | Killed by an exploding butterfly... ignited by their inner
                  | flame

Illustrated notes

Levels and vault maps discovered:
D:1:      lemuel_arrival_river_passageway, layout_basic,
          ebering_ecumenical_altar_rust
D:2:      layout_rooms
D:3:      layout_basic, minivault_4
D:4:      layout_loops_corners, mainiacjoe_overflow_swirl,
          minmay_temple_entry_stoned_glass, serial_shops,
          nicolae_shop_bloodbath_and_beyond
D:5:      layout_basic, mainiacjoe_overflow_cross_hatched, uniq_sigmund,
          uniq_blork_the_orc
D:6:      layout_rooms, mainiacjoe_overflow_paths, nicolae_half_adder
D:7:      cheibrodos_grave_circle, layout_loops_cross,
          grunt_temple_overflow_cloverleaf
Temple:   nicolae_temple_ecumenical_triangle

Skill      XL: |  1  2  3  4  5  6  7  8  9 |
---------------+----------------------------+-----
Spellcasting   | 3 4 5 6 |  6.4
Ice Magic      | 5 6 7 |  7.6
Evocations     | 1 0 |  0.0
Stealth        | 3 4 |  4.3
Summonings     | 1 2 3 |  3.3
Dodging        | 3 4 |  4.1
Throwing       | 2 |  2.6
Translocations | 1 2 |  2.3
Fighting       | 1 |  1.8
Polearms       | 1 |  1.6
Armour         | 1 |  1.6

Action                     |  1- 3 |  4- 6 |  7- 9 || total
---------------------------+-------+-------+-------++-------
  Melee: Unarmed           |     2 |     2 |     1 ||     5
         Punch             |       |     1 |       ||     1
         Spear             |       |       |     6 ||     6
  Throw: Javelin           |       |     1 |     8 ||     9
   Cast: Freeze            |    35 |    73 |    52 ||   160
         Frozen Ramparts   |     3 |    17 |    20 ||    40
         Summon Ice Beast  |       |       |     3 ||     3
 Invoke: Sacrifice Artific |       |     1 |       ||     1
         Sacrifice Resista |       |       |     1 ||     1
         Power Leap        |       |       |     1 ||     1
    Use: Potion            |     2 |     1 |       ||     3
         Scroll            |     1 |     6 |     8 ||    15
   Stab: Sleeping          |       |       |     1 ||     1
 Armour: Robe              |     1 |    23 |    15 ||    39
  Dodge: Dodged            |    23 |    51 |    56 ||   130
